 Dungeon Crawl Stone Soup version 0.15-a0-734-g2b8d6ef (webtiles) character file.

65 Bloax the Insei (level 3, -9/29 HPs)
             Began as a Mummy Monk on May 11, 2014.
             Mangled by an orc priest
             ... wielding a +0,+0 flail
              (10 damage)
             ... on Level 3 of the Dungeon.
             The game lasted 00:04:22 (1525 turns).

Bloax the Insei (Mummy Monk)                        Turns: 1525, Time: 00:04:22

HP  -9/29        AC  3     Str 14      XL: 3   Next: 92%
MP   3/3         EV 12     Int  9      God:
Gold 63          SH  0     Dex 15      Spells:  0 memorised,  2 levels left

rFire  x . .     SeeInvis .       - Unarmed
rCold  + . .     Clarity  .     d - +0 leather armour
rNeg   + + +     Conserve .     (no shield)
rPois  +         rCorr    .     (no helmet)
rElec  .         rRot     +     (no cloak)
SustAb . .       Spirit   .     (no gloves)
rMut   .         Warding  .     (no boots)
Gourm  .         Stasis   .     (no amulet)
MR     .....                    (no ring)
                                (no ring)

@: not resistant to hostile enchantments, unstealthy
A: no food or potions, fire vulnerability, restore body, cold resistance 1, life
protection 3, poison resistance, torment resistance, unbreathing
a: no special abilities


You were on level 3 of the Dungeon.
You were not hungry.

You visited 1 branch of the dungeon, and saw 5 of its levels.

You collected 63 gold pieces.


Innate Abilities, Weirdness & Mutations

You do not eat or drink.
Your flesh is vulnerable to fire.
Your flesh is cold resistant.
You are immune to negative energy.
Your system is resistant to poisons.
You are immune to unholy pain and torment.
You can survive without breathing.


   Skills:
 - Level 3.0 Fighting
 + Level 3.2 Dodging
 - Level 1.5 Stealth
 * Level 4.0 Unarmed Combat


You had 2 spell levels left.
You didn't know any spells.

Dungeon Overview and Level Annotations

Branches:
Dungeon (5/15)
 Temple: D:4-7

Altars:
Dithmenos
Gozag
Trog

Inventory:

Armour
 d - a +0 leather armour (worn)
   (You found it on level 1 of the Dungeon)
 f - a +0 helmet
   (You found it on level 3 of the Dungeon)
Scrolls
 a - a scroll of immolation {unknown}
 b - a scroll of remove curse {unknown}
 c - 2 scrolls of enchant weapon I
 e - a scroll of teleportation {unknown}
 g - a scroll of magic mapping
Potions
 w - a potion of haste {unknown}

##.#....o# #.# #.#
##......## #.# ##.##
####.#.## #.# ##...######
..##.#.#####.###........<#
#.......o..........#####.#
..##.........###...# #...
######.####### ##..#
...#.# #.# ###.# #..# .# #
#.# #@o.# #..# # #.#
#o#.......## ######.######
#.####.#.##
............####.## ##
.#####.####.##..o.# .# #.#
#.#.## .# #.# ...... .#
#.# ###.### .# #.. ...


You could see an orc priest and 2 orcs.


Message History

You kill the adder!
You hit the hobgoblin.
You kill the hobgoblin!
Your Unarmed Combat skill increases to level 4!
You swing at nothing.
You swing at nothing.
Things that are here:
a hobgoblin corpse; an adder corpse You now have 63 gold pieces (gained 8).
There are no items here.
The adder misses you. The adder bites you.
You barely miss the adder. The adder bites you.
You barely miss the adder. The adder closely misses you.
You hit the adder.
The adder is heavily wounded.
The adder barely misses you.
You barely miss the adder.
The adder is heavily wounded.
The adder misses you.
You hit the adder.
You kill the adder!
You see here an adder corpse.
You start resting.
A goblin comes into view.
The goblin shouts!
The goblin barely misses you.
You punch the goblin!
You kill the goblin!
No target in view!
No target in view!
There is a stone staircase leading down here.
You start resting.
HP restored.
You climb downwards.
A goblin and an ogre come into view.
The ogre shouts!
Found 13 gold pieces and a bubbling yellow potion.
There is a stone staircase leading up here.
The goblin shouts!
The goblin unwields an uncursed club.
The goblin wields a sling.
The goblin shoots a stone.
The stone hits you but does no damage.
You climb upwards.
There is a stone staircase leading down here.
The orc priest shouts!
The orc priest mumbles some strange prayers to Beogh against you.
Something smites you!
Ouch! That really hurt!
* * * LOW HITPOINT WARNING * * *
Found 16 poisoned needles.
The orc priest's eyes start to glow.
The orc appears out of thin air!
The orc priest prays to Beogh.
You feel a wave of unholy energy pass over you.
Found a yellow potion.
Found an escape hatch in the ceiling.
Found a helmet.
You see here a yellow potion.
An orc comes into view.
The orc shouts!
You hear a shout!
You see here a helmet.
f - a helmet An orc comes into view. It is wielding a club.
The orc priest invokes the aid of Beogh against you.
Something smites you!
* * * LOW HITPOINT WARNING * * *
You see here a yellow potion.
The orc hits you.
* * * LOW HITPOINT WARNING * * *
There is an escape hatch in the ceiling here.
The orc priest hits you with a flail!
You die...

Action                   || total
-------------------------++-------
Melee: Unarmed           ||   134
  Use: Scroll            ||     2

Vault maps used:
D:1:      scummos_arrival_gate, corexii_item_surrounded_by_moat
D:2:      wad_crossroads, gammafunk_temple_overflow_forgotten
D:4:      first_bread, nicolae_qazlal_style_of_elements
D:5:      kennysheep_generic_room_14, uniq_eustachio

Notes
Turn   | Place    | Note
--------------------------------------------------------------
     0 | D:1      | Bloax, the Mummy Monk, began the quest for the Orb.
     0 | D:1      | Reached XP level 1. HP: 18/18 MP: 1/1
   167 | D:1      | Reached XP level 2. HP: 18/24 MP: 2/2
   247 | D:2      | Found an opulent altar of Gozag.
   247 | D:2      | Found a bloodstained altar of Trog.
   248 | D:2      | Found a shadowy altar of Dithmenos.
   605 | D:4      | Reached skill level 3 in Dodging
   605 | D:4      | Reached XP level 3. HP: 22/29 MP: 3/3
   774 | D:5      | Entered Level 5 of the Dungeon
   795 | D:3      | HP: 5/29 [orc/falchion (5)]
  1336 | D:3      | Reached skill level 4 in Unarmed Combat
  1462 | D:4      | Noticed an ogre
  1523 | D:3      | HP: 4/29 [orc priest/divine providence (12)]
  1524 | D:3      | HP: 1/29 [orc (3)]
  1525 | D:3      | Mangled by an orc priest

Vanquished Creatures
  4 adders
  A worm (D:3)
  An orc skeleton (D:4)
  A giant gecko (D:3)
  2 bats
  4 giant cockroaches
  2 goblins
  A hobgoblin (D:3)
  2 jackals (D:4)
  2 giant newts (D:1)
  A kobold (D:4)
  5 rats
26 creatures vanquished.
